 Dungeon Crawl Stone Soup version 0.30-a0-715-gdb4ae3ece1 (webtiles) character file.

Game seed: 4277172521566869575

84 wormed the Sneak (level 4, -1/38 HPs)
             Began as a Naga Fire Elementalist on Jan 23, 2023.
             Slain by a necrophage (2 damage)
             ... on level 4 of the Dungeon.
             The game lasted 00:04:34 (2793 turns).

wormed the Sneak (Naga Fire Elementalist)           Turns: 2793, Time: 00:04:34

Health: -1/38      AC:  7    Str: 11    XL:     4   Next: 45%
Magic:  1/7        EV: 10    Int: 17    God:
Gold:   145        SH:  0    Dex: 11    Spells: 1/7 levels left

rFire   . . .      SeeInvis +    h - +1 dagger (pain)
rCold   . . .      Faith    .    (no shield)
rNeg    . . .      Spirit   .    a - +0 robe
rPois   +          Reflect  .    r - +0 helmet
rElec   .          Harm     .    n - +0 cloak
rCorr   .          Rampage  .    i - +2 pair of gloves
Will    .....                    (no barding)
Stlth   +                        (no amulet)
HPRegen 0.26/turn                (no ring)
MPRegen 0.10/turn                (no ring)

@: silenced, very slow
A: AC +1, large, see invisible, deformed body, poison resistance, slowness 2,
spit poison 1, naga tail 1
a: Spit Poison


You were on level 4 of the Dungeon.
You visited 1 branch of the dungeon, and saw 4 of its levels.

You collected 145 gold pieces.

Inventory:

Hand Weapons
 d - a +0 dagger
 h - a +1 dagger of pain (weapon)
Missiles
 k - a throwing net
Armour
 a - a +0 robe (worn)
 i - a +2 pair of gloves (worn)
 n - a +0 cloak (worn)
 r - a +0 helmet (worn)
Jewellery
 v - a ring of flight
Wands
 u - a wand of charming (3)
Scrolls
 f - a scroll of poison {unknown}
 g - 2 scrolls of magic mapping {unknown}
 m - a scroll of identify {unknown}
 p - a scroll of enchant armour {unknown}
 q - a scroll of teleportation {unknown}
 s - a scroll of fog {unknown}
Potions
 c - a potion of degeneration {unknown}
 e - a potion of mutation {unknown}
 j - a potion of flight {unknown}
 o - a potion of heal wounds {unknown}
 t - a potion of berserk rage {unknown}
 w - a potion of might {unknown}
 x - 2 potions of curing {unknown}


   Skills:
 + Level 1.3 Fighting
 + Level 2.0 Dodging
 + Level 4.0 Stealth
 + Level 2.4 Spellcasting
 + Level 1.8 Conjurations
 + Level 3.3 Fire Magic


You had one spell level left.
You knew the following spells:

 Your Spells              Type           Power      Damage    Failure   Level
a - Foxfire               Conj/Fire      40%        2x1d6     6%          1
b - Scorch                Fire           26%        2d6       7%          2
c - Inner Flame           Hex/Fire       7%         N/A       28%         3

Your spell library contained the following spells:

 Spells                   Type           Power      Damage    Failure   Level
 Apportation              Tloc           4%         N/A       19%         1
 Necrotise                Necr           8%         1d4       19%         1
 Slow                     Hex            8%         N/A       19%         1
 Summon Small Mammal      Summ           8%         N/A       19%         1
 Kindle Blastsparks       Fire/Tloc/Air  10%        2d10      34%         3
 Confusing Touch          Hex            2%         N/A       50%         3
 Vampiric Draining        Necr           2%         2d6       50%         3
 Flame Wave               Conj/Fire      10%        2d6       54%         4


Dungeon Overview and Level Annotations

Branches:
Dungeon (4/15)
 Temple: D:4-7

Altars:
Wu Jian


Innate Abilities, Weirdness & Mutations

Your serpentine skin is tough. (AC +1)
You have supernaturally acute eyesight. (SInv)
Armour fits poorly on your strangely shaped body.
Your system is resistant to poisons. (rPois)
You cover ground very slowly.
You can spit poison.
You have a snake-like lower body.


Message History

The magic dart hits you.
* * * LOW HITPOINT WARNING * * *
Casting: Scorch (safe; 7% risk of failure)
Confirm with . or Enter, or press ? or * to list all spells.
Flames lash the orc but do no damage.
A necrophage comes into view.
The orc closely misses you. The orc hits you with a +0 dagger.
* * * LOW HITPOINT WARNING * * *
The orc wizard hits you but does no damage.
Casting: Scorch (safe; 7% risk of failure)
Confirm with . or Enter, or press ? or * to list all spells.
Flames lash the orc wizard.
The orc wizard is heavily wounded.
The orc wizard's fire resistance burns away.
The orc is no longer more vulnerable to fire.
The orc barely misses you. The orc closely misses you.
A goblin comes into view. It is wielding a +0 club.
The orc wizard hits you but does no damage.
Casting: Scorch (safe; 7% risk of failure)
Confirm with . or Enter, or press ? or * to list all spells.
You don't have enough magic to cast this spell.
As you read the scroll labelled YPNIFF VUSHRAO, it crumbles to dust.
You hear a loud clanging noise!
It was a scroll of noise.
You hear a shout!
The dart slug launches a dart at you.
The slug dart hits the orc wizard.
The orc hits you with a +0 falchion.
* * * LOW HITPOINT WARNING * * *
The orc wizard barely misses you. The orc hits you but does no damage.
As you read the scroll labelled BUYNETT ACLAE, it crumbles to dust.
A profound silence engulfs you.
It was a scroll of silence.
The dart slug launches a dart at you.
The slug dart hits the orc wizard.
The orc hits you but does no damage. The orc barely misses you.
The orc wizard hits you with a +0 dagger.
* * * LOW HITPOINT WARNING * * *
You barely miss the necrophage. The orc hits you but does no damage.
The orc wizard hits you but does no damage.
The necrophage hits you.
You die...

###
#####...#
#.o..?...
#@ng.....
#oo......
#........
#........
#....w...
#........
#........
#########


You could see a necrophage, an orc wizard (invisible, combustible), a dart slug,
2 orcs and a goblin.

Vanquished Creatures
  An adder (D:3)
  2 worms (D:3)
  A dart slug (D:1)
  2 orcs (D:3)
  5 ball pythons
  3 bats
  9 endoplasms
  3 giant cockroaches
  8 hobgoblins
  2 quokkas
  2 frilled lizards (D:3)
  5 goblins
  8 kobolds
  6 rats
57 creatures vanquished.

Vanquished Creatures (others)
  72 foxfires
72 creatures vanquished.

Grand Total: 129 creatures vanquished

Notes
Turn   | Place    | Note
-------+----------+-------------------------------------------
     0 | D:1      | wormed the Naga Fire Elementalist began the quest for the
                  | Orb.
     0 | D:1      | Reached XP level 1. HP: 15/15 MP: 3/3
   212 | D:1      | Reached XP level 2. HP: 24/24 MP: 3/5
   922 | D:1      | Reached XP level 3. HP: 29/30 MP: 1/6
  1087 | D:1      | Learned a level 2 spell: Scorch
  1091 | D:1      | Learned a level 3 spell: Inner Flame
  1234 | D:2      | Reached skill level 1 in Fighting
  1477 | D:2      | Found an ornate altar of the Wu Jian Council.
  1570 | D:2      | Found a faded altar of an unknown god.
  2238 | D:3      | Reached XP level 4. HP: 26/38 MP: 0/7
  2244 | D:3      | Reached skill level 4 in Stealth
  2789 | D:4      | Noticed a necrophage
  2792 | D:4      | HP: 1/38 [orc wizard/+0 dagger (2)]
  2793 | D:4      | Slain by a necrophage

Illustrated notes

Levels and vault maps discovered:
D:1:      lemuel_arrival_muddy, layout_basic, serial_aquarium,
          aquarium_bridge_square [aquarium_subvault_bridge,
          aquarium_subvault_bridge, aquarium_subvault_window,
          aquarium_subvault_bridge], aquarium_window_fake, aquarium_window_fake,
          aquarium_window_corner, aquarium_view_2f, aquarium_view_2e,
          aquarium_pool_double
D:2:      layout_basic, chequers_ecumenical_altar_simple_redux, basic_altar
D:3:      layout_basic, vehumet_crystals
D:4:      layout_basic, serial_shops, nicolae_square_shop,
          uniq_crazy_yiuf_cottage, uniq_grinder, uniq_ijyb

Skill      XL: |  1  2  3  4 |
---------------+-------------+-----
Fighting       | 1 |  1.3
Stealth        | 4 |  4.0
Dodging        | 2 |  2.0
Spellcasting   | |  2.4
Conjurations   | |  1.8
Fire Magic     | |  3.3

Action                     |  1- 3 |  4- 6 || total
---------------------------+-------+-------++-------
  Melee: Unarmed           |    12 |       ||    12
         Dagger            |    51 |    23 ||    74
         Punch             |     1 |       ||     1
   Cast: Foxfire           |    35 |     7 ||    42
         Scorch            |    19 |    16 ||    35
    Use: Scroll            |       |     2 ||     2
         Potion            |       |     1 ||     1
 Armour: Robe              |    20 |    26 ||    46
  Dodge: Dodged            |    30 |    26 ||    56

Table legend: (Time is in decaauts)
 A = Elapsed time spent in this place.
 B = Non-inter-level travel time spent in this place.
 C = Inter-level travel time spent in this place.
 D = Time resting spent in this place.
 E = Time spent auto-exploring this place.
 F = Levels seen in this place.
 G = Mean time per level.
                   A        B        C        D        E       F      G
               +--------+--------+--------+--------+--------+-----+--------+
         Total |   3406 |   3276 |    130 |      0 |   2745 |   4 |  851.5 |
       Dungeon |   3406 |   3276 |    130 |      0 |   2745 |   4 |  851.5 |
               +--------+--------+--------+--------+--------+-----+--------+

Top non-repeatable levels by time:
     D:1: 1396 daAuts
     D:2: 1097 daAuts
     D:3: 905 daAuts
     D:4: 6 daAuts
